 Dungeon Crawl Stone Soup version 0.30-a0-575-g6f4a10e2d2 (webtiles) character file.

Game seed: 14922007828253319844

2 M4edhros the Charlatan (level 1, -1/13 HPs)
             Began as an Octopode Artificer on Dec 30, 2022.
             Slain by an adder (2 damage)
             ... on level 2 of the Dungeon.
             The game lasted 00:00:16 (195 turns).

M4edhros the Charlatan (Octopode Artificer)          Turns: 195, Time: 00:00:16

Health: -1/13      AC:  1    Str: 11    XL:     1   Next: 30%
Magic:  1/1        EV: 13    Int: 13    God:
Gold:   5          SH:  0    Dex: 12    Spells: 0/0 levels left

rFire   . . .      SeeInvis .    (no weapon)
rCold   . . .      Faith    .    (no shield)
rNeg    . . .      Spirit   .    (helmet restricted)
rPois   .          Reflect  .    (no amulet)
rElec   .          Harm     .    (no ring)
rCorr   .          Rampage  .    (no ring)
Will    .....                    (no ring)
Stlth   +++                      (no ring)
HPRegen 0.22/turn                (no ring)
MPRegen 0.07/turn                (no ring)
                                 (no ring)
                                 (no ring)

@: lethally poisoned (-1 -> -2)
A: almost no armour, amphibious, 8 rings, camouflage 1, gelatinous body 1,
(nimble swimmer 1), tentacles
a: no special abilities


You were on level 2 of the Dungeon.
You visited 1 branch of the dungeon, and saw 2 of its levels.

You collected 5 gold pieces.

Inventory:

Wands
 b - a wand of flame (15) (quivered)
 c - a wand of charming (15)
 d - a wand of iceblast (5)
Scrolls
 a - a scroll of teleportation {unknown}
 e - a scroll of noise {unknown}


   Skills:
 + Level 1.0 Fighting
 + Level 2.3 Dodging
 + Level 1.5 Stealth
 * Level 0.2 Unarmed Combat
 + Level 3.3 Evocations


You couldn't memorise any spells.
You didn't know any spells.
Your spell library was empty.

Dungeon Overview and Level Annotations

Branches:
Dungeon (2/15)

Altars:


Innate Abilities, Weirdness & Mutations

You cannot wear most types of armour.
You are amphibious.
You can wear up to eight rings at the same time.
Your skin changes colour to match your surroundings (Stealth+).
Your rubbery body absorbs attacks. (AC +1, EV +1)
((You are camouflaged when in or above water. (Stealth+)))
You have tentacles for arms and can constrict up to eight enemies at once.


Message History

You climb downwards.
There is a stone staircase leading up here.
An adder comes into view.
Found a scroll labelled GAJUMO AXAO and a spear.
Found an escape hatch in the ceiling.
You see here 7 gold pieces.
Found a stone staircase leading up.
An adder is nearby!
An adder comes into view.
Found a stone staircase leading down.
The adder hisses angrily.
The adder bites you.
The adder hisses angrily.
You tentacle-slap the adder. Your grab misses the adder.
The adder is moderately wounded.
The adder closely misses you. The adder bites you.
You are poisoned.
The adder poisons you!
You tentacle-slap the adder. Your grab misses the adder.
Your squeeze misses the adder.
The adder is heavily wounded.
You feel sick. The adder completely misses you.
You are too injured to fight recklessly!
You are too injured to fight recklessly!
You are too injured to fight recklessly!
You are too injured to fight recklessly!
You aren't carrying any potions.
You tentacle-slap the adder. Your grab misses the adder.
The adder is almost dead.
You feel sick. The adder bites you.
* * * LOW HITPOINT WARNING * * *
You barely miss the adder. Your grab misses the adder.
The adder is almost dead.
* * * LOW HITPOINT WARNING * * *
You feel sick. The adder misses you.
You closely miss the adder. Your grab misses the adder.
The adder is almost dead.
* * * LOW HITPOINT WARNING * * *
You feel sick. The adder bites you but does no damage. The adder bites you.
You die...

.#### . ..<.# .# ##
#..##### ... . ..
#).##..# .#.#
#...#.#####......# .....
#....<..#...#.##...#.#
#.....#.#.<...@S......
......###.#....#S#......
#.#.......#.............
..........$....#.#.....>
#.#.....................
....#######........#....
#^#. ..........#..#.
........?......
...........##


You could see 2 adders.

Vanquished Creatures
  A bat (D:1)
  A frilled lizard (D:1)
  A rat (D:1)
3 creatures vanquished.

Notes
Turn   | Place    | Note
-------+----------+-------------------------------------------
     0 | D:1      | M4edhros the Octopode Artificer began the quest for the
                  | Orb.
     0 | D:1      | Reached XP level 1. HP: 13/13 MP: 1/1
   195 | D:2      | Slain by an adder

Illustrated notes

Levels and vault maps discovered:
D:1:      spicycebolla_arrival_ecumenical, layout_basic
D:2:      layout_basic, serial_glass, glass_columns_a, glass_columns_a,
          glass_columns_c, glass_columns_b, glass_columns_b, glass_columns_c,
          glass_columns_b, glass_columns_a, glass_columns_a, glass_columns_b,
          glass_columns_b, glass_columns_a, glass_columns_b, glass_columns_a,
          minmay_split_cup_large

Action                   || total
-------------------------++-------
Melee: Unarmed           ||    13
       Constrict         ||     1
       Punch             ||     1
       Tentacles         ||     1
 Stab: Sleeping          ||     2
Armor: Skin              ||     2
Dodge: Dodged            ||     4

Table legend: (Time is in decaauts)
 A = Elapsed time spent in this place.
 B = Non-inter-level travel time spent in this place.
 C = Inter-level travel time spent in this place.
 D = Time resting spent in this place.
 E = Time spent auto-exploring this place.
 F = Levels seen in this place.
 G = Mean time per level.
                   A        B        C        D        E       F      G
               +--------+--------+--------+--------+--------+-----+--------+
         Total |    194 |    176 |     18 |      0 |    131 |   2 |   97.0 |
       Dungeon |    194 |    176 |     18 |      0 |    131 |   2 |   97.0 |
               +--------+--------+--------+--------+--------+-----+--------+

Top non-repeatable levels by time:
     D:1: 178 daAuts
     D:2: 16 daAuts
